[Event "Late-Titled-Tuesday-Blitz-May-28-2024"]
[Site "Chess.com"]
[Date "2024.05.28"]
[Round "9"]
[White "WildBizon"]
[Black "LiemLe"]
[Result "0-1"]
[WhiteElo "2731"]
[BlackElo "3018"]
[TimeControl "180+1"]
[EndTime "15:45:55 PDT"]
[Termination "LiemLe won by resignation"]

1. e4 Nf6 2. e5 Nd5 3. d4 d6 4. c4 Nb6 5. exd6 exd6 6. Nc3 Be7 7. Bd3 O-O 8. Nge2 Nc6 9. Be3 Re8 10. O-O Bg5 11. Qd2 Bxe3 12. fxe3 Qg5 13. Nf4 Bf5 14.
h4 Qg4 15. Bxf5 Qxf5 16. Nfd5 Qd7 17. b3 Nxd5 18. cxd5 Ne7 19. e4 f6 20. h5 h6 21.
Qf4 Rac8 22. Qg3 Kh8 23. Rf4 c6 24. Rg4 cxd5 25. Nxd5 Nxd5 26. exd5 Re7 27. Kh2 Qf5 28. Qh3 Rc3 29. Rg3 Qxh3+ 30. Kxh3 Rc2 31. a4 Kg8 32. Rd3 Ree2 33. g3 Kf7 34. a5 Rh2+ 35. Kg4 Rcf2 36. Rf3 Rxf3 37. Kxf3 Rxh5 38. Ke4 Ke7 39.
a6 b6 40. Rc1 Kd7 41. Rc3 Rg5 42. b4 g6 43. Rf3 Rg4+ 44. Kd3 f5 45. Kc4 Re4 46. Rf2 h5 47. Rf3 Kc7 48. b5 Kd7 49.
Kd3 Re1 50. Kc4 Ke7 51. Kb4 Rd1 52. Kc4 Kd7 53. Re3 Rg1 54. Kb4 Rg2 55. Kc4 g5 56. Rf3 f4 57. gxf4 g4 58. Rf1 g3 59. f5 Rf2 60.
Rg1 h4 61. Kd3 Rxf5 62. Ke4 Rg5 63. Kf4 Rxd5 64. Kg4 Rxd4+ 65. Kh3 Rb4 66. Rf1 Rxb5 67. Rf7+ Kc6 68. Rxa7 Ra5 69. Ra8 Kb5 70. Kxh4 g2 71.
Rg8 Rxa6 72. Rxg2 Kc4 73. Kg5 b5 74. Kf4 b4 75. Rc2+ Kd3 76. Rc8 Rb6 0-1

[Event "Late-Titled-Tuesday-Blitz-May-28-2024"]
[Site "Chess.com"]
[Date "2024.05.28"]
[Round "9"]
[White "momotaro77"]
[Black "Naruna_Chan"]
[Result "0-1"]
[WhiteElo "2513"]
[BlackElo "2301"]
[TimeControl "180+1"]
[EndTime "15:45:57 PDT"]
[Termination "Naruna_Chan won on time"]

1. e4 c5 2. c3 d5 3. exd5 Qxd5 4. d4 Nf6 5. Nf3 Bg4 6. Be2 e6 7. h3 Bh5 8. O-O cxd4 9. cxd4 Nc6 10. Nc3 Qa5 11.
a3 Be7 12. Qb3 Qb6 13. Qxb6 axb6 14. Be3 O-O 15. g4 Bg6 16. Ne5 Nd5 17. Nxd5 exd5 18.
Nxg6 hxg6 19. Bf3 Rad8 20. Rfd1 Na5 21. b3 Rd7 22. Rd3 Ra8 23. Bd2 Nc6 24. a4 b5 25.
Bc3 bxa4 26. Rxa4 Rxa4 27. bxa4 Nb4 28. Rd1 Nc6 29. Rb1 Bf6 30. Rd1 Kf8 31. Kg2 Ke7 32. Kg3 Kd6 33. h4 Bd8 34. Bd2 Kc7 35. g5 Kb6 36.
Bg4 Bc7+ 37. Kg2 Re7 38. Rb1+ Ka7 39. Rb5 Bb6 40. Rxd5 Bxd4 41. Bd7 Bb6 42. Bc3 Bc7 43. Bxc6 bxc6 44. Rc5 Kb6 45. Rc4 Be5 46. Re4 f6 47. f4 Bd6 48. Rxe7 Bxe7 49. Kf3 Kc5 50. Ke3 Kc4 51.
Kd2 Bd6 52. gxf6 Bxf4+ 53. Kc2 gxf6 54. Bxf6 Kb4 55. Be7+ Kxa4 56. Kc3 Kb5 57. Kb3 c5 58. Kc3 c4 59. Kc2 Be5 60. Bd8 Kc6 61. Bg5 Kd5 62. Kd2 c3+ 63. Kd3 Bg7 64. Bd8 Ke6 65.
Bg5 Kf5 66. Bd8 Kg4 67. Bg5 Kf5 68. Kc2 Bf6 69. Be3 Kg4 70. Bf2 Bxh4 0-1

[Event "Late-Titled-Tuesday-Blitz-May-28-2024"]
[Site "Chess.com"]
[Date "2024.05.28"]
[Round "9"]
[White "ChEsper99"]
[Black "rikchessmx"]
[Result "1-0"]
[WhiteElo "2239"]
[BlackElo "2318"]
[TimeControl "180+1"]
[EndTime "15:46:05 PDT"]
[Termination "ChEsper99 won by checkmate"]

1. e4 e5 2. Nf3 Nc6 3. d4 exd4 4. Nxd4 Bc5 5. Nb3 Bb6 6. Nc3 Qh4 7. Qe2 Nf6 8. Be3 Bxe3 9. Qxe3 Ng4 10. Qg3 Qxg3 11. hxg3 O-O 12. f3 Nf6 13. O-O-O d6 14. Bc4 Be6 15. Nd5 Bxd5 16. Bxd5 Nxd5 17. Rxd5 Ne5 18.
Nd4 g6 19. Ne2 Rfd8 20. Nf4 Nc4 21. Rd3 Ne5 22. Rd2 Nc4 23. Rd4 b5 24. b3 Nb6 25.
Nd5 Nxd5 26. Rxd5 a6 27. Rhd1 Kf8 28. e5 Ke7 29. exd6+ Rxd6 30. Rxd6 cxd6 31. g4 Kd7 32. Rh1 Rh8 33. Kd2 Ke6 34. Ke3 Ke5 35. f4+ Ke6 36. g5 d5 37. g4 Rc8 38. Kd2 Rh8 39. Kd3 Kd6 40. c3 Kc5 41. b4+ Kd6 42. Kd4 Rc8 43. Kd3 Rh8 44. Rh3 Ke6 45. Re3+ Kd6 46. Kd4 h5 47. gxh6 Rxh6 48. Re5 Rh4 49. Rxd5+ Ke6 50.
Rg5 Rh2 51. Rc5 Rxa2 52. Rc6+ Ke7 53. g5 Ra3 54. Kd5 Kd7 55. Rf6 Ke7 56. Rc6 Kd7 57.
Rf6 Rxc3 58. Rxf7+ Ke8 59. Rf6 Rc4 60. Ke5 Rxb4 61. Rxg6 Rc4 62. Rxa6 b4 63. Rb6 Kd8 64. g6 Kc7 65. Rb5 Kc6 66. Ra5 b3 67. Ra1 b2 68. Rb1 Rb4 69. g7 Rb8 70. Kf6 Kc5 71. Kf7 Rb7+ 72. Kf8 Rb8+ 73. Kf7 Rb6 74. g8=Q Rb7+ 75.
Kg6 Rb6+ 76. Kg5 Kd4 77. Kg4 Rg6+ 78. Qxg6 Kc3 79. Rxb2 Kxb2 80. Qd6 Kc3 81. f5 Kc4 82. f6 Kb5 83. f7 Kc4 84. f8=Q Kb3 85. Qc8 Ka4 86. Qdc7 Kb5 87. Q7b7+ Ka5 88. Qca8# 1-0

[Event "Late-Titled-Tuesday-Blitz-May-28-2024"]
[Site "Chess.com"]
[Date "2024.05.28"]
[Round "9"]
[White "carokannlover213"]
[Black "Dacean99"]
[Result "1-0"]
[WhiteElo "2753"]
[BlackElo "2594"]
[TimeControl "180+1"]
[EndTime "15:46:09 PDT"]
[Termination "carokannlover213 won by resignation"]

1. e4 c5 2. Nf3 d6 3. d4 cxd4 4. Nxd4 Nf6 5. Nc3 a6 6. h3 e6 7. g4 d5 8. exd5 Nxd5 9. Nde2 Be7 10. Nxd5 exd5 11. Bg2 h5 12. Qxd5 hxg4 13. Qxd8+ Bxd8 14. hxg4 Rxh1+ 15. Bxh1 Bxg4 16. Bxb7 Ra7 17. Be4 Re7 18. Bd3 Nc6 19. Be3 Nb4 20. Nd4 Bb6 21. Kd2 Nxd3 22. cxd3 Rd7 23. Nb3 Bc7 24. Rg1 Bf5 25. Rxg7 Rxd3+ 26. Ke2 Rd5 27. Nd4 Bd7 28. Rg8+ Ke7 29. Bg5+ f6 30. Rg7+ Kf8 31. Bxf6 Bb6 32. Nb3 Bb5+ 33. Ke1 Rf5 34. Bc3 Rxf2 35. Rg3 Rf4 36. Rh3 Rf1+ 37.
Kd2 Rf2+ 38. Kc1 Rf1+ 39. Kc2 Rf2+ 40. Nd2 Ke7 41. Rh4 Bc5 42. a4 Bd7 43. Re4+ Kd6 44. Kb3 Be6+ 45. Nc4+ Bxc4+ 46. Kxc4 Rf5 47. Rg4 Bb6 48. b4 Kc7 49. Rg6 Be3 50. Rxa6 Kb7 51. Re6 Rf4+ 52. Kb3 Bb6 53. Re7+ Kc6 54. Re6+ Kb7 55.
Re5 Rf3 56. Kc4 Bc7 57. Rd5 Rf4+ 58. Bd4 Bb6 59. a5 Bxd4 60. Rxd4 Rf2 61. Kc5 Rf5+ 62. Rd5 Rf7 63. b5 Ka7 64. Rd4 Rc7+ 65. Kb4 Rc8 66. Rd7+ Kb8 67. a6 Rg8 68. Ka5 Rg5 69. Rh7 Rf5 70. Rh6 Ka8 71. Kb6 Rf8 72. Rc6 Re8 73. Rc5 Rg8 74. Ka5 Rf8 75. b6 Re8 76. a7 Kb7 77. Rc7+ Ka8 78. Ka6 Rb8 79. axb8=Q+ Kxb8 80. Rc5 1-0

[Event "Late-Titled-Tuesday-Blitz-May-28-2024"]
[Site "Chess.com"]
[Date "2024.05.28"]
[Round "9"]
[White "jaskol95"]
[Black "ManMish2"]
[Result "1/2-1/2"]
[WhiteElo "2551"]
[BlackElo "2662"]
[TimeControl "180+1"]
[EndTime "15:46:10 PDT"]
[Termination "Game drawn by stalemate"]

1. e4 e5 2. Nc3 Nc6 3. Bc4 Nf6 4.
d3 Bc5 5. Nf3 d6 6. h3 O-O 7. Bg5 h6 8. Bh4 Be6 9. Nd5 Bxd5 10.
Bxd5 g5 11. Nxg5 hxg5 12. Bxg5 Nd4 13. c3 Ne6 14. Bh4 Nf4 15. Qf3 Kg7 16. d4 Bb6 17. O-O-O Qe7 18. g3 N4xd5 19. exd5 Rh8 20. Qf5 Rh6 21. Bg5 Rhh8 22. Bh4 Rh6 23. Bg5 Re8 24. Bxh6+ Kxh6 25. g4 Kg7 26. h4 exd4 27. Rde1 Qxe1+ 28. Rxe1 Rxe1+ 29. Kd2 Re5 30. Qc8 dxc3+ 31. Kxc3 Nxd5+ 32. Kd2 Bxf2 33. Qxb7 Bxh4 34. Qxa7 Bg5+ 35. Kd3 Be3 36. Qa8 Nf4+ 37. Kc2 Rc5+ 38. Kb3 Ne6 39. a4 Nd4+ 40. Kb4 Bd2+ 41. Ka3 Rc1 42. Ka2 Rc2 43. Qe4 Bc3 44. Qxc2 Nxc2 45. bxc3 Ne3 46. a5 Nc4 47. a6 Nb6 48. Kb3 Kf6 49. Kb4 Ke5 50.
Kb5 Kd5 51. a7 Na8 52. c4+ Kd4 53. Kc6 Kxc4 54. Kb7 Nb6 55. Kxc7 Kc5 56. Kd8 d5 57. Ke7 d4 58. Kxf7 d3 59. g5 d2 60. g6 d1=Q 61.
g7 Qf3+ 62. Ke8 Qa8+ 63. Kf7 Qxa7+ 64. Kg6 Qb8 65. Kh7 Qc7 66. Kh8 Qe5 67. Kh7 Qh5+ 68.
Kg8 Nc8 69. Kf8 Nd6 70. g8=Q Qf5+ 71. Ke7 Qe5+ 72. Qe6 Qg7+ 73. Kd8 Nb7+ 74. Kc8 Nd6+ 75. Kd8 Kc6 76. Qd5+ Kxd5 1/2-1/2

[Event "Late-Titled-Tuesday-Blitz-May-28-2024"]
[Site "Chess.com"]
[Date "2024.05.28"]
[Round "9"]
[White "ozates"]
[Black "BardArtem"]
[Result "1/2-1/2"]
[WhiteElo "2627"]
[BlackElo "2781"]
[TimeControl "180+1"]
[EndTime "15:46:12 PDT"]
[Termination "Game drawn by repetition"]

1. e4 e5 2. Nf3 Nc6 3. Bc4 Nf6 4. d3 Be7 5. O-O O-O 6. a4 d6 7. a5 a6 8. Nc3 h6 9. Re1 Be6 10. Nd5 Bxd5 11. exd5 Nb8 12. d4 exd4 13. Qxd4 Nbd7 14. Nh4 Re8 15. Nf5 Bf8 16. Bf4 Rxe1+ 17.
Rxe1 Nh5 18. Bd2 Qf6 19. Qg4 Qg6 20. Nxh6+ gxh6 21. Qxd7 Bg7 22. Bd3 Qf6 23. Bc3 Qg5 24. h4 Qxh4 25. Re8+ Rxe8 26. Qxe8+ Bf8 27. Bh7+ Kxh7 28.
Qxf8 Qf4 29. Qh8+ Kg6 30. Qg8+ Kf5 31. Qxf7+ Kg5 32. Qe7+ Kg6 33. Qe8+ Kg5 34. g3 Qf5 35. Bd2+ Kg4 36. Qe2+ Qf3 37. Qe6+ Qf5 38. Qxh6 Nf6 39. Qf4+ Qxf4 40. Bxf4 Nxd5 41. Bd2 Kf3 42. Kh2 Nf6 43. Kh3 Kxf2 44. Be3+ Kxe3 45. Kh4 Kf3 46. Kg5 Ne4+ 47.
Kf5 Nc5 48. g4 Ne4 49. g5 Nxg5 50. Kxg5 Ke2 51. Kf6 Kd2 52. Ke6 Kxc2 53. Kd7 d5 54. Kxc7 d4 55. Kxb7 d3 56. b4 d2 57. b5 d1=Q 58.
bxa6 Qd7+ 59. Kb8 Qd6+ 60. Kb7 Qb4+ 61. Ka8 Kc3 62. a7 Qf8+ 63. Kb7 Qe7+ 64. Kb8 Qd8+ 65. Kb7 Qd7+ 66. Kb8 Qb5+ 67. Kc8 Qc6+ 68. Kb8 Qd6+ 69.
Kb7 Qe7+ 70. Kb8 Qf8+ 71. Kb7 Qg7+ 72. Kb8 Qh8+ 73. Kb7 Qh1+ 74. Kb8 Qb1+ 75. Kc8 Qe4 76. Kb8 Qb4+ 77. Kc8 Qc5+ 78. Kb8 Qb5+ 79. Kc8 Qc6+ 80. Kb8 Qd6+ 81. Kb7 Qd7+ 82. Kb8 Qe8+ 83. Kb7 Qb5+ 84. Kc8 1/2-1/2

[Event "Late-Titled-Tuesday-Blitz-May-28-2024"]
[Site "Chess.com"]
[Date "2024.05.28"]
[Round "9"]
[White "Charodej1"]
[Black "BAS8892"]
[Result "1-0"]
[WhiteElo "2509"]
[BlackElo "2724"]
[TimeControl "180+1"]
[EndTime "15:46:16 PDT"]
[Termination "Charodej1 won by resignation"]

1. e4 c5 2. Nf3 d6 3. d4 cxd4 4.
Nxd4 Nf6 5. Nc3 a6 6. Be2 e5 7. Nb3 Be7 8. O-O O-O 9. Kh1 Nbd7 10. f4 b5 11. a4 b4 12. Nd5 Nxe4 13. Bf3 f5 14.
Nxe7+ Qxe7 15. Qd5+ Kh8 16. Bxe4 Nb6 17. Qc6 Rb8 18.
fxe5 Bd7 19. Qxd6 fxe4 20. Be3 Rxf1+ 21. Rxf1 Qxd6 22. exd6 Nxa4 23. Nc5 Nxc5 24. Bxc5 Kg8 25. Re1 Rb5 26. Bf2 Bc6 27. c3 bxc3 28. bxc3 Rd5 29. Bg3 Rd2 30. Bf4 Rd3 31. Be5 Kf7 32. Kg1 Ke6 33. Bxg7 Rxd6 34. Bd4 Rd7 35. Ra1 Bb5 36. Ra5 Kd5 37. Ra1 Kc4 38. Kf2 Kd3 39. Rd1+ Kc2 40.
Re1 Bd3 41. Ke3 a5 42. Ra1 Rd5 43. g4 h6 44. c4 Rg5 45. h3 Kb3 46. c5 a4 47. c6 Rg6 48. c7 Rc6 49. Be5 a3 50.
Kd4 a2 51. Kd5 Rc4 52. Kd6 e3 53. Kd7 e2 54. c8=Q Rxc8 55. Kxc8 Bb1 56. Bg3 Kb2 57. Be5+ Kc2 58. Bg3 Kd2 59. h4 Ke3 60. g5 hxg5 61.
hxg5 Kf3 62. Be1 Kg4 63. g6 Bxg6 64. Rxa2 Bd3 65. Bc3 Kf3 66. Ra1 Ke3 67. Be1 Bc2 68. Kc7 Bd1 69. Kd6 Kf3 70. Kc5 Kg2 71. Kd4 Kf1 72. Bc3 e1=Q 73. Bxe1 Kxe1 74. Ke3 Kf1 75. Rxd1+ Kg2 76. Rd2+ Kg3 77. Rf2 Kg4 78. Rf3 Kh4 79. Kf2 Kg4 80. Kg2 Kh4 81. Rf4+ Kg5 82. Kg3 Kh5 83.
Rf5+ Kg6 84. Kg4 Kh6 85. Rf6+ Kg7 86. Kg5 Kg8 87. Kg6 1-0

[Event "Late-Titled-Tuesday-Blitz-May-28-2024"]
[Site "Chess.com"]
[Date "2024.05.28"]
[Round "9"]
[White "luca_va99"]
[Black "Qvalda"]
[Result "1-0"]
[WhiteElo "2210"]
[BlackElo "2383"]
[TimeControl "180+1"]
[EndTime "15:46:16 PDT"]
[Termination "luca_va99 won on time"]

1. e4 d5 2. exd5 Qxd5 3. Nc3 Qd8 4. d4 Nf6 5. Nf3 g6 6. Be2 Bg7 7. O-O O-O 8. Be3 Bg4 9. h3 Bxf3 10. Bxf3 Nc6 11. Re1 e6 12. Rb1 Nd5 13. Nxd5 exd5 14. c3 Ne7 15. Bg5 f6 16. Qe2 Nf5 17. Qe6+ Kh8 18.
Bd2 c6 19. g4 Nh4 20. Bg2 Nxg2 21. Kxg2 f5 22. Qe7 fxg4 23. hxg4 Qc8 24. Re6 c5 25.
dxc5 d4 26. cxd4 Bxd4 27. f3 Qxc5 28. Bc3 Kg8 29. Qxc5 Bxc5 30. Re5 Bb6 31. Re7 Rf7 32. Rbe1 Raf8 33. Rxf7 Kxf7 34. Rh1 Kg8 35. Rd1 Rf7 36. Re1 Rd7 37. Re8+ Kf7 38. Rh8 Ke6 39. Re8+ Kd5 40.
Rh8 Kc4 41. Kg3 Kd3 42. Kf4 Kc2 43. Kg3 Kb1 44. a3 Kc2 45. Kh4 Bd8+ 46. Kg3 Bg5 47. f4 Bd8 48. Kf2 Kd3 49. Kf3 Bc7 50.
Re8 Rf7 51. Be5 Bxe5 52. Rxe5 Kc2 53. Rb5 b6 54. Rb4 Kd3 55. Rb3+ Kc4 56. Rc3+ Kd5 57. Rd3+ Kc4 58. Rc3+ Kd5 59. Rd3+ Kc5 60. Rc3+ Kb5 61.
Ke4 Re7+ 62. Kf3 Rf7 63. Ke4 a5 64. f5 gxf5+ 65. gxf5 h5 66. Kf4 Ka4 67. Kg5 b5 68. Kg6 Rf8 69. f6 b4 70. axb4 axb4 71. Rf3 b3 72. Kg7 Rb8 73. f7 h4 74. f8=Q Rxf8 75.
Kxf8 Kb4 76. Rh3 Kc4 77. Ke7 Kd4 78. Kd6 Ke4 79. Kc5 Kf4 80. Rxh4+ Ke3 81. Rb4 Kd2 82. Rxb3 Kc2 83. Rb8 1-0

[Event "Late-Titled-Tuesday-Blitz-May-28-2024"]
[Site "Chess.com"]
[Date "2024.05.28"]
[Round "9"]
[White "Jospem"]
[Black "hansen"]
[Result "1/2-1/2"]
[WhiteElo "3039"]
[BlackElo "3065"]
[TimeControl "180+1"]
[EndTime "15:46:22 PDT"]
[Termination "Game drawn by repetition"]

1. e4 e5 2. Nf3 Nc6 3. Nc3 Nf6 4. g3 Bb4 5. d3 d5 6. exd5 Nxd5 7. Bd2 O-O 8. Bg2 Bxc3 9. bxc3 h6 10. O-O Re8 11. Re1 Nf6 12. Rb1 Rb8 13. Be3 b6 14.
Nh4 Bb7 15. Bd2 Qd7 16. c4 Nd4 17. Bxb7 Rxb7 18. Bc3 c5 19. Bxd4 Qxd4 20. Nf5 Qd7 21. Qf3 Re6 22. Re2 Rb8 23. Rbe1 Rbe8 24. h3 Kf8 25. g4 Nh7 26. Qg3 Qc7 27. Ne3 Nf6 28. Nd5 Qd6 29. Nxf6 gxf6 30. Re4 Qc6 31. Qe3 Kg7 32. Qd2 Rd6 33. R1e3 Rd4 34. Qe2 Red8 35. Kh2 a6 36. h4 b5 37. cxb5 axb5 38. Rg3 c4 39. g5 hxg5 40. hxg5 f5 41. Rxd4 Rh8+ 42. Rh3 Rxh3+ 43. Kxh3 Qh1+ 44. Kg3 Qg1+ 45. Kh3 Qh1+ 46. Kg3 Qg1+ 47. Kf3 Qh1+ 48. Ke3 Qh3+ 49. Kd2 exd4 50. Qe5+ Kh7 51. Qxd4 Qf3 52. Qe3 Qd5 53. Qh3+ Kg7 54. Qe3 Kg6 55. f4 cxd3 56. Qxd3 Qxa2 57. Qxb5 Qe6 58. Qd3 Qc6 59. c4 Qc5 60. Kc2 Qb4 61.
Qc3 Qc5 62. Kb3 Qb6+ 63. Ka4 Qa6+ 64. Kb4 Qb6+ 65. Ka3 Qa6+ 66. Kb2 Qb6+ 67. Kc2 Qf2+ 68. Qd2 Qc5 69. Qd5 Qf2+ 70. Kb3 Qxf4 71. c5 Qe3+ 72. Kb4 Qe1+ 73. Kb5 Qe2+ 74. Kb6 Qb2+ 75. Ka7 Qa3+ 76. Kb8 Qb4+ 77. Ka7 Qa4+ 78. Kb6 Qb4+ 79. Kc7 Qa5+ 80. Kd7 Qa7+ 81. Kd6 Qb8+ 82. Kd7 Qa7+ 83. Kc8 Qa6+ 84. Kc7 Qa7+ 85. Kc8 Qa6+ 86. Kb8 Qb5+ 87. Kc7 Qa5+ 88. Kc8 Qa6+ 1/2-1/2

[Event "Late-Titled-Tuesday-Blitz-May-28-2024"]
[Site "Chess.com"]
[Date "2024.05.28"]
[Round "9"]
[White "Eloist"]
[Black "ChadBiryani"]
[Result "1/2-1/2"]
[WhiteElo "2452"]
[BlackElo "2540"]
[TimeControl "180+1"]
[EndTime "15:46:24 PDT"]
[Termination "Game drawn by stalemate"]

1. e4 c5 2. Nf3 d6 3. Bb5+ Bd7 4.
Bxd7+ Nxd7 5. O-O Ngf6 6. Qe2 e6 7. d4 cxd4 8. Nxd4 Be7 9. c4 O-O 10. b3 a6 11. Bb2 Rc8 12. Nc3 Qa5 13. Rad1 Rfd8 14.
f4 Rc5 15. a3 Rh5 16. b4 Qb6 17. Kh1 Rh6 18. e5 Ne8 19. Ne4 dxe5 20. c5 Qc7 21.
fxe5 Qxe5 22. Nf3 Qc7 23. Rd3 Ndf6 24. Rfd1 Rxd3 25. Rxd3 Ng4 26. h3 Ngf6 27. Be5 Qc6 28. Nf2 a5 29. Bf4 Rh5 30. Ne5 Rxe5 31. Bxe5 axb4 32.
axb4 Nd5 33. Qe4 Qa4 34. Bxg7 Nxg7 35. Rxd5 Qa1+ 36. Kh2 exd5 37. Qxe7 Ne6 38. Ng4 Kg7 39. Qxb7 h5 40. Nf2 Qe5+ 41. g3 Qe2 42. Kg2 d4 43. Qf3 Qe5 44. Nd3 Qc7 45. Qe4 Qa7 46. Qe5+ Kg8 47.
Nf4 Qa2+ 48. Kf3 Qb3+ 49. Ke4 Qc2+ 50. Kd5 Qb3+ 51. Kc6 Qxb4 52. Nxe6 fxe6 53. Qxe6+ Kg7 54. Qe5+ Kg6 55. Qe4+ Kg7 56. Kd6 Qc4 57. Qe5+ Kg6 58. c6 d3 59. Qe8+ Kg7 60. c7 d2 61. Qd7+ Kg6 62. Ke7 Qe4+ 63. Kd8 Qa8+ 64. c8=Q Qa5+ 65. Qcc7 Qa8+ 66. Ke7 Qe4+ 67. Qe6+ Qxe6+ 68. Kxe6 d1=Q 69. Qf7+ Kh6 70. Qf6+ Kh7 71. Qf5+ Kh6 72. Qf8+ Kh7 73. Qf7+ Kh6 74. Qf4+ Kh7 75. Kf6 Qd8+ 76. Kf5 Qf8+ 77.
Ke4 Qe7+ 78. Kf3 Qa3+ 79. Qe3 Qd6 80. Qe4+ Kh6 81. Qf4+ Qxf4+ 82. Kxf4 Kg6 83. Ke5 h4 84. g4 Kg5 85. Ke4 Kg6 86. Kf4 Kh6 87. g5+ Kh5 88. Kf5 1/2-1/2

[Event "Late-Titled-Tuesday-Blitz-May-28-2024"]
[Site "Chess.com"]
[Date "2024.05.28"]
[Round "9"]
[White "Rud_Makarian"]
[Black "OparinGrigoriy"]
[Result "1-0"]
[WhiteElo "2966"]
[BlackElo "3044"]
[TimeControl "180+1"]
[EndTime "15:46:43 PDT"]
[Termination "Rud_Makarian won by checkmate"]

1. d4 Nf6 2. c4 e6 3. Nf3 b6 4. a3 Bb7 5. Nc3 Ne4 6. Nxe4 Bxe4 7. Bf4 d6 8. e3 Nd7 9. Bd3 Bxd3 10. Qxd3 Be7 11. O-O O-O 12. e4 a5 13. b3 e5 14.
Be3 exd4 15. Nxd4 Bf6 16. Rad1 Nc5 17. Qc2 Qe8 18. f3 Bxd4 19. Bxd4 f6 20. Rfe1 Ne6 21. Bc3 Rf7 22. Re3 Re7 23. Rde1 Qf7 24. h3 Rae8 25. Kh2 h5 26. b4 axb4 27. axb4 Nf4 28. Bd2 Ng6 29. c5 bxc5 30. bxc5 dxc5 31. Qxc5 h4 32.
Bc3 Rd7 33. Qf5 Rb8 34. Qg4 Re7 35. Rd3 Rb3 36. Red1 Nf8 37. Be1 Rxd3 38. Rxd3 f5 39. Qxh4 fxe4 40. fxe4 Qe6 41. Bg3 c5 42. Rd5 Ng6 43.
Qg5 Qxe4 44. Rxc5 Rf7 45. Rc8+ Nf8 46. Rc3 Qf5 47. Qe3 Qe6 48. Qd2 Ng6 49. Re3 Qf5 50.
Re8+ Kh7 51. Qe2 Rd7 52. Qa2 Qd5 53. Qe2 Qf5 54. Re4 Rf7 55. Qe3 Rd7 56. Re8 Rf7 57.
Rd8 Re7 58. Qb3 Qe6 59. Qb5 Qe2 60. Qf5 Ra7 61. Qd5 Ra2 62. h4 Qg4 63. h5 Ne7 64.
Qxa2 Qxh5+ 65. Kg1 Qc5+ 66. Bf2 Qc1+ 67. Kh2 Qh6+ 68.
Kg3 Nf5+ 69. Kf3 Qc6+ 70. Qd5 Qc3+ 71. Qd3 Qc6+ 72. Rd5 g6 73. Ke2 Qe6+ 74. Kf1 Qc6 75. Rd7+ Kh6 76. Qd2+ g5 77. Rd3 Kg6 78. Qd1 Qb5 79. Kg1 Qc4 80. Qd2 g4 81. Rc3 Qe4 82. Rb3 Qc4 83. Rb6+ Kh5 84. Rb1 Qd4 85. Bxd4 g3 86. Qd3 Nh4 87. Qf3+ Nxf3+ 88. gxf3 Kh4 89. Kg2 Kg5 90. Be5 Kf5 91. Bxg3 Kg5 92. Re1 Kf5 93. Re4 Kg5 94. Rf4 Kg6 95. Rg4+ Kh5 96. Kf2 Kh6 97. Ke3 Kh5 98. Ke4 Kh6 99. Kf5 Kh5 100. Be5 Kh6 101.
Bf6 Kh5 102. Rh4# 1-0

[Event "Late-Titled-Tuesday-Blitz-May-28-2024"]
[Site "Chess.com"]
[Date "2024.05.28"]
[Round "9"]
[White "rezamahdavi2008"]
[Black "GarayevKanan"]
[Result "1-0"]
[WhiteElo "2997"]
[BlackElo "2731"]
[TimeControl "180+1"]
[EndTime "15:46:46 PDT"]
[Termination "rezamahdavi2008 won on time"]

1. e4 c5 2. Nf3 e6 3. d4 cxd4 4. Nxd4 Nf6 5. Nc3 Nc6 6. Nxc6 bxc6 7. e5 Nd5 8. Ne4 Qc7 9. f4 Rb8 10. a3 f5 11. exf6 Nxf6 12. Nxf6+ gxf6 13. Bd3 Qa5+ 14.
Bd2 Qd5 15. Bc3 Be7 16. Qe2 Rg8 17. Be4 Qb5 18. Bxh7 Qxe2+ 19. Kxe2 Rxg2+ 20. Kf3 Rg7 21. Bd3 c5 22. Rhg1 Bb7+ 23. Kf2 Kf7 24. Rxg7+ Kxg7 25. Rg1+ Kf7 26. Bg6+ Kf8 27. h4 c4 28. Bd4 e5 29.
fxe5 fxe5 30. Bxe5 Bxh4+ 31. Ke3 Re8 32. Bxe8 Kxe8 33.
Rg4 Be7 34. Rxc4 Bc6 35. Rg4 Kf7 36. c4 Ke6 37. Bd4 a5 38. Bc3 a4 39. Rg6+ Kf5 40.
Rg8 Bc5+ 41. Kd2 Ke4 42. Re8+ Kf3 43. Kd3 Kf4 44. Bb4 Bg1 45. Bd6+ Kf5 46. Kc3 Kf6 47. Re1 Bb6 48. Kb4 Bd4 49. Re2 Kf5 50. Bg3 Kg4 51.
Be1 Kf3 52. Rh2 Be5 53. Rc2 Ke3 54. Bc3 Bd6+ 55. Ka5 Bc7+ 56. Ka6 Kd3 57. Rc1 Kxc4 58. Be5+ Kb3 59. Bxc7 Kxb2 60. Bf4 Kxa3 61. Ka5 Kb2 62. Kb4 a3 63. Rf1 a2 64. Rf2+ Kb1 65. Be5 Bd5 66.
Ka3 Bc4 67. Kb4 d5 68. Rg2 Kc1 69. Ba1 Kd1 70. Kc3 Ke1 71. Kd4 Kf1 72. Rc2 Ke1 73.
Rg2 Kd1 74. Rh2 Kc1 75. Kc3 Kd1 76. Rh1+ Ke2 77. Bb2 Ke3 78. Re1+ Kf2 79. Re7 Kf1 80. Kd2 Kf2 81. Rf7+ Kg3 82. Rf8 Kg4 83. Ke3 Kg5 84.
Bd4 Kg6 85. Kf4 Bb3 86. Rf6+ Kh5 87. Rb6 Bc4 88. Bg7 1-0

[Event "Late-Titled-Tuesday-Blitz-May-28-2024"]
[Site "Chess.com"]
[Date "2024.05.28"]
[Round "9"]
[White "BabageldiAnnaberdiyev"]
[Black "kalinchick"]
[Result "0-1"]
[WhiteElo "2563"]
[BlackElo "2381"]
[TimeControl "180+1"]
[EndTime "15:46:58 PDT"]
[Termination "kalinchick won on time"]

1. e4 e6 2. d4 d5 3. e5 c5 4. c3 Nc6 5. Nf3 Nge7 6. a3 Nf5 7.
b4 cxd4 8. cxd4 Bd7 9. Bb2 Qb6 10. g4 Nfe7 11. Nc3 Na5 12. Nd2 Nac6 13. Na4 Qd8 14.
Nc5 Rb8 15. Rc1 Ng6 16. Nf3 Be7 17. Nxd7 Qxd7 18. h4 h5 19. g5 Rc8 20. Qd2 Bd8 21.
Bd3 Nge7 22. O-O g6 23. Rc2 O-O 24. Rfc1 Bb6 25. Kg2 Nb8 26. Ng1 Rxc2 27. Rxc2 Rc8 28.
Ne2 Rxc2 29. Qxc2 Qc6 30. Qb3 Nd7 31. a4 a5 32. b5 Qc8 33. Ba3 Bd8 34. Bd6 Nf8 35.
Qc3 Qxc3 36. Nxc3 Nc8 37. Bc5 Nd7 38. Ba3 Be7 39. Bb2 Ncb6 40. Bc2 Kf8 41. Kf3 Nc4 42.
Bc1 Ndb6 43. Ke2 Bb4 44. Kd3 Ke7 45. Bb3 Ba3 46. Bxa3+ Nxa3 47. Nd1 Nac4 48. Ne3 Nb2+ 49. Kc2 N2xa4 50. f4 Kf8 51. Nd1 Ke7 52. Kb1 Nc4 53.
Bxa4 Nd2+ 54. Kc2 Nf3 55. Kd3 Nxh4 56. Ke2 Nf5 57. Kd3 h4 58. Nf2 Kd8 59. b6 Ne7 60. Ng4 Nc8 61. Bd1 Nxb6 62. Nf2 Nc8 63. Kc3 b5 64. Be2 Na7 65. Kb3 Kc7 66. Bg4 Kb6 67.
Nd1 a4+ 68. Ka3 Nc6 69. Ne3 Nxd4 70. Ng2 Kc5 71. Nxh4 Nc6 72. Nf3 Kc4 73. Nd2+ Kd3 74. Nf3 Ke4 75. Ne1 Kxf4 76. Be2 Nxe5 77. Bxb5 Kxg5 78.
Kxa4 Kf4 79. Be8 f6 80. Nc2 g5 81. Nd4 Nf3 82. Nxe6+ Ke5 83. Nc5 g4 84. Bd7 g3 85.
Bh3 Ng1 86. Bg2 f5 87. Nd3+ Kd4 88. Nf4 Ke3 89. Nxd5+ Kf2 90. Bh1 Ne2 91. Kb5 f4 92.
Kc4 f3 93. Kd3 g2 94. Bxg2 fxg2 95. Nf4 Nxf4+ 0-1

[Event "Late-Titled-Tuesday-Blitz-May-28-2024"]
[Site "Chess.com"]
[Date "2024.05.28"]
[Round "9"]
[White "Oleg_Papayan"]
[Black "MeisterJabo"]
[Result "1/2-1/2"]
[WhiteElo "2604"]
[BlackElo "2496"]
[TimeControl "180+1"]
[EndTime "15:47:34 PDT"]
[Termination "Game drawn by 50-move rule"]

1. e4 e5 2. Nf3 Nf6 3. Nc3 Nc6 4. d4 exd4 5. Nxd4 Bb4 6. Nxc6 bxc6 7. Bd3 d5 8. exd5 O-O 9. O-O Bg4 10. f3 Bh5 11. dxc6 Qd4+ 12. Kh1 Bxc3 13. bxc3 Qxc3 14. Rb1 Bg6 15.
Bxg6 hxg6 16. Bg5 Rfd8 17. Qe2 Qxc6 18. Rb3 Re8 19. Qf2 Nd5 20. Qd4 Re2 21. c4 Nb6 22. c5 Nd7 23. Re3 Re8 24. Rxe8+ Rxe8 25. Be3 Re5 26.
Rc1 Qe6 27. Bg1 Rd5 28. Qa4 Rd2 29. Qxa7 c6 30. Qc7 Qxa2 31. Qxc6 Nf6 32. Qc8+ Kh7 33. Qh3+ Kg8 34. c6 Rc2 35. Rxc2 Qxc2 36. Qc8+ Kh7 37. Qb7 Nd5 38. Qd7 Nf4 39. Qg4 Qc1 40. h4 f5 41. Qg5 Qd2 42. c7 Qc1 43. c8=Q Qxc8 44. Qxf4 Qd7 45. Qg5 Qe6 46. Kh2 Qe5+ 47. Qg3 Qe6 48. f4 Qe2 49. Kh3 Qe4 50. Qf3 Qc2 51. Bf2 Qc1 52. Qg3 Qc7 53. Bd4 Qc4 54. Be5 Qe4 55. Qg5 Qe1 56. Qg3 Qh1+ 57. Qh2 Qe1 58. g3 Qe2 59. Qg2 Qg4+ 60. Kh2 Qd1 61. Qf2 Qd3 62. Qe1 Qc2+ 63. Kh3 Qd3 64. Qg1 Qd5 65. Qg2 Qd1 66. g4 Qd3+ 67. Qg3 fxg4+ 68. Kxg4 Qf5+ 69.
Kf3 Qd3+ 70. Kg2 Qd2+ 71. Qf2 Qd5+ 72. Qf3 Qd2+ 73. Kg3 Qe1+ 74. Qf2 Qe4 75. Kh2 Qf5 76. Qa7 Qc2+ 77. Kh3 Qd3+ 78. Kg4 Qe2+ 79. Kg3 Qe1+ 80.
Qf2 Qe4 81. Qh2 Qd3+ 82. Kg4 Qf5+ 83. Kf3 Qd3+ 84. Kg2 Qe2+ 85. Kh1 Qf1+ 86. Qg1 Qf3+ 87. Kh2 Qe2+ 88. Kh3 Qf3+ 89. Kh2 Qe2+ 90. Qg2 Qd3 91. Qf2 Qf5 92. Bd4 Qg4 93. Be3 Qf5 94. Qe1 Qc2+ 95.
Bf2 Qf5 96. Qe3 Qg4 97. Qg3 Qe2 98. Kh3 Qf1+ 99. Qg2 Qd3+ 100. Kh2 Qd2 101. Qg3 Qe2 102. Kg2 Qe4+ 103. Kf1 Qb1+ 104. Ke2 Qe4+ 105. Be3 Qc2+ 106. Bd2 Qc4+ 107. Kd1 Qa4+ 108. Ke1 Qe4+ 109. Kf2 Qd4+ 110. Be3 Qb2+ 111. Kf3 Qb7+ 112. Kf2 Qh1 113. Ke2 Qb1 114. Qf2 Qc2+ 115. Kf3 Qc6+ 116. Kg3 Qh1 117. Qf3 Qe1+ 118. Bf2 1/2-1/2

[Event "Late-Titled-Tuesday-Blitz-May-28-2024"]
[Site "Chess.com"]
[Date "2024.05.28"]
[Round "10"]
[White "HajiyevKanan"]
[Black "BenchGM"]
[Result "1-0"]
[WhiteElo "2475"]
[BlackElo "2243"]
[TimeControl "180+1"]
[EndTime "15:49:27 PDT"]
[Termination "HajiyevKanan won by resignation"]

1. Nf3 Nf6 2. g3 b6 3. Bg2 Bb7 4. O-O g6 5. b3 Bg7 6. Bb2 O-O 7. c4 d6 8. d4 Nbd7 9. Nc3 Re8 10. Qc2 e5 11. dxe5 dxe5 12. Rad1 Qe7 13. Nd5 Nxd5 14.
cxd5 Rac8 15. e4 a5 16. Bh3 Ba6 17. Rfe1 Rcd8 18. Qxc7 Nc5 19. Qxb6 Rd6 20. Qxc5 1-0